 Dungeon Crawl Stone Soup version 0.32-a0-329-ge6c31236d6 (webtiles) character file.

Game seed: 7932456601851512623

2476 anacleto the Basher (level 9, -1/78 HPs)
             Began as a Mountain Dwarf Cinder Acolyte on Feb 17, 2024.
             Was a High Priest of Ignis.
             Killed by vampiric draining
             ... invoked by a vampire
              (12 damage)
             ... on level 6 of the Dungeon.
             The game lasted 00:23:28 (7665 turns).

anacleto the Basher (Mountain Dwarf Cinder Acolyte) Turns: 7665, Time: 00:23:29

Health: -1/78      AC:  7    Str: 19    XL:     9   Next: 27%
Magic:  14/16      EV: 11    Int: 17    God:    Ignis [*****.]
Gold:   208        SH:  0    Dex:  5    Spells: 15/17 levels left

rFire   + + .        t - +2 war axe (flame)
rCold   . . .        (no shield)
rNeg    . . .        b - +0 robe
rPois   .            u - +1 hat of Loixis {rF+}
rElec   .            j - scarf {repulsion}
rCorr   .            (no gloves)
SInv    .            (no boots)
Will    .....        (no amulet)
Stlth   +            h - +4 ring of protection
HPRegen 0.33/turn    (no ring)
MPRegen 0.15/turn

%: repel missiles
@: about to teleport
A: runic magic, artefact enchanting
a: Renounce Religion, Fiery Armour, Foxfire Swarm, Rising Flame


You were on level 6 of the Dungeon.
You worshipped Ignis.
Ignis was extremely pleased with you.
You visited 1 branch of the dungeon, and saw 7 of its levels.
You also visited: Ossuary.

You collected 385 gold pieces.
You spent 177 gold pieces at shops.

Inventory:

Hand Weapons
 t - a +2 war axe of flaming (weapon)
 v - a +0 orcbow
Armour
 b - a +0 robe (worn)
 j - a scarf of repulsion (worn)
 u - the +1 hat of Loixis (worn) {rF+}
   (You bought it in a shop on level 5 of the Dungeon)

   rF+:       It protects you from fire.
Jewellery
 a - a ring of wizardry
 h - a +4 ring of protection (left hand)
 o - a ring of flight
 p - a ring of ice
Wands
 l - a wand of flame (61)
Scrolls
 c - 5 scrolls of enchant armour
 d - a scroll of summoning
 e - 2 scrolls of immolation {unknown}
 f - a scroll of amnesia {unknown}
 g - a scroll of teleportation
Potions
 i - 2 potions of invisibility {unknown}
 k - a potion of lignification {unknown}
 m - a potion of mutation {unknown}
 n - 3 potions of haste {unknown}
 q - a potion of attraction {unknown}
 r - 2 potions of berserk rage {unknown}
 s - a potion of curing


   Skills:
 + Level 6.9 Fighting
 * Level 10.1 Maces & Flails
 + Level 4.7 Spellcasting
 + Level 7.7 Fire Magic


You had 15 spell levels left.
You knew the following spells:

 Your Spells              Type           Power      Damage    Failure   Level
a - Scorch                Fire           60%        2d7       1%          2

Your spell library contained the following spells:

 Spells                   Type           Power      Damage    Failure   Level
 Inner Flame              Hex/Fire       17%        N/A       9%          3
 Flame Wave               Conj/Fire      17%        2d7       30%         4
 Sticky Flame             Fire/Alch      17%        2d5       30%         4
 Sculpt Simulacrum        Ice/Alch       2%         N/A       100%        6
 Ozocubu's Refrigeration  Ice            2%         4d7       100%        7
 Polar Vortex             Ice            2%         N/A       100%        9


Dungeon Overview and Level Annotations

Branches:
Dungeon (7/15)            Ossuary (visited)
 Temple: D:4-7

Altars:
Dithmenos
Fedhas
Gozag
Hepliaklqana
Kikubaaqudgha

Shops:
D:2 ?   D:5 [=

Annotations:
D:6 2 transporters, Biggs's ghost, novice FeSh


Innate Abilities, Weirdness & Mutations

Your spellcasting is much less encumbered by armour.
You can use scrolls of enchantment on lesser artefacts.


Message History

There is a stone staircase leading up here.
The sky beast closely misses you. The vampire hits you.
The vampire bites you but does no damage.
You climb upwards.
Level annotation: 2 transporters, Biggs's ghost, novice FeSh
There is a stone staircase leading down here.
Unknown command.
You hit the vampire but do no damage.
The vampire is heavily damaged.
You closely miss the sky beast.
The sky beast hits you but does no damage.
The vampire hits you. The vampire barely misses you.
You hit the vampire but do no damage.
The vampire is heavily damaged.
You hit the sky beast but do no damage. The sky beast closely misses you.
The vampire hits you.
* * * LOW HITPOINT WARNING * * *
The vampire barely misses you.
You barely miss the vampire.
The vampire is heavily damaged.
You barely miss the sky beast. The sky beast closely misses you.
The vampire closely misses you. The vampire bites you!
* * * LOW HITPOINT WARNING * * *
The vampire draws strength from your injuries!
The sky beast closely misses you.
You barely miss the vampire.
The vampire is heavily damaged.
You slash the sky beast! You burn the sky beast.
The vampire barely misses you. x2
The sky beast barely misses you.
Unknown command.
You feel better.
The vampire gestures at you while chanting.
You resist with some effort. The sky beast hits you.
* * * LOW HITPOINT WARNING * * *
The sky beast shocks you.
* * * LOW HITPOINT WARNING * * *
As you read the scroll of teleportation, it crumbles to dust.
You feel strangely unstable. The vampire draws life force from you!
You die...
Ignis goes out, and joins you in death.

#........))..#
#.........>..#
####..####.)####
##.##..####..####
#................
#................
#######...####....####
#..#Y.#[..####....##..
#...#@..........).....
#...#.V...........).).
#'###..##.###..##)###.
#..##..######..##'###.
#..#...........#...#..
#..'...........+...#..
#####.###..##..##..###
#..##'###..##..##..##.
#...............#..#..


You could see a vampire and a sky beast.

Vanquished Creatures
  Sigmund (D:6)
  Edmund (D:5)
  A water moccasin (D:4)
  A sky beast (D:6)
  2 black bears
  2 ogres
  3 centaurs (D:6)
  An elf zombie (Ossuary)
  A bullfrog (D:6)
  3 scorpions
  2 centaur zombies (Ossuary)
  3 bombardier beetles
  A human zombie (Ossuary)
  An orc priest (D:6)
  3 hounds
  A jelly (D:6)
  Jessica (D:3)
  Terence (D:3)
  5 iguanas
  An orc wizard (D:5)
  A scorpion zombie (D:5)
  8 hound zombies
  A hound skeleton (D:5)
  2 mummies (Ossuary)
  8 adders
  7 gnolls
  A howler monkey skeleton (D:5)
  2 shadow imps
  A white imp (D:5)
  An adder skeleton (D:5)
  8 adder zombies
  2 dart slugs
  10 orcs
  3 bats
  5 endoplasms
  4 giant cockroaches
  6 gnoll zombies (Ossuary)
  4 goblins
  3 hobgoblins
  5 jackals
  4 quokkas
  3 ball pythons
  A frilled lizard (D:1)
  4 jackal zombies (Ossuary)
  5 kobolds
  6 kobold zombies (Ossuary)
  6 orc zombies (Ossuary)
  3 rats
149 creatures vanquished.

Notes
Turn   | Place    | Note
-------+----------+-------------------------------------------
     0 | D:1      | anacleto the Mountain Dwarf Cinder Acolyte began the quest
                  | for the Orb.
     0 | D:1      | Reached XP level 1. HP: 19/19 MP: 2/2
   118 | D:1      | Reached XP level 2. HP: 22/26 MP: 3/3
   544 | D:1      | Reached skill level 4 in Maces & Flails
   763 | D:1      | Learned a level 2 spell: Scorch
   825 | D:2      | Reached XP level 3. HP: 30/33 MP: 5/5
   878 | D:2      | Found Xassomej's Magic Scroll Emporium.
   883 | D:2      | Bought a scroll of identify for 24 gold pieces
  1121 | D:2      | Reached XP level 4. HP: 40/40 MP: 1/6
  1696 | D:2      | Found a faded altar of an unknown god.
  1792 | D:2      | Found a blossoming altar of Fedhas.
  1821 | D:3      | Noticed Jessica
  1829 | D:3      | Killed Jessica
  2045 | D:3      | Reached skill level 5 in Maces & Flails
  2119 | D:3      | Found a shadowy altar of Dithmenos.
  2144 | D:3      | Reached XP level 5. HP: 46/46 MP: 4/7
  2192 | D:3      | Noticed Terence
  2207 | D:3      | Killed Terence
  2915 | D:4      | Identified the +5 dagger "Demon's Doom" {venom, rCorr
                  | Str+5}
  3072 | D:4      | Reached XP level 6. HP: 51/53 MP: 4/9
  3115 | D:4      | Found an ancient bone altar of Kikubaaqudgha.
  3547 | D:5      | Entered Level 5 of the Dungeon
  3589 | D:5      | Reached skill level 6 in Maces & Flails
  3589 | D:5      | Reached skill level 5 in Fire Magic
  3639 | D:5      | Found Quang's Jewellery Shop.
  3666 | D:5      | Noticed a water moccasin
  3687 | D:4      | Killed a water moccasin
  4042 | D:4      | Reached skill level 5 in Fighting
  4042 | D:4      | Reached XP level 7. HP: 26/61 MP: 4/11
  4225 | D:5      | Found a sand-covered staircase.
  4242 | Ossuary  | Entered an ossuary
  4331 | Ossuary  | Reached skill level 7 in Maces & Flails
  5557 | D:5      | Reached XP level 8. HP: 61/69 MP: 6/13
  5641 | D:5      | Reached skill level 8 in Maces & Flails
  6157 | D:5      | Found an opulent altar of Gozag.
  6198 | D:5      | Found Afaf's Antique Armour Shop.
  6207 | D:5      | Bought a distressingly furry hat for 153 gold pieces
  6207 | D:5      | Identified the +1 hat of Loixis {rF+} (You bought it in a
                  | shop on level 5 of the Dungeon)
  6500 | D:6      | Noticed Sigmund
  6545 | D:6      | Killed Sigmund
  6621 | D:6      | Noticed Edmund
  6689 | D:5      | Killed Edmund
  6690 | D:5      | Reached skill level 9 in Maces & Flails
  7036 | D:6      | Reached XP level 9. HP: 35/78 MP: 12/15
  7272 | D:6      | Reached skill level 10 in Maces & Flails
  7384 | D:6      | Found a hazy altar of Hepliaklqana.
  7452 | D:6      | Noticed a queen bee
  7461 | D:6      | Noticed Biggs's ghost (novice FeSh)
  7469 | D:6      | Found a transporter.
  7474 | D:6      | Found a transporter.
  7665 | D:6      | Killed from afar by a vampire

Illustrated notes

Levels and vault maps discovered:
D:1:      onia_arrival_pentagram, layout_basic, hangedman_decor_points,
          kennysheep_flooded_box
D:2:      layout_basic, basic_altar, serial_shops, shop,
          chequers_ecumenical_altar_grove, minmay_misc_feat_enclosed,
          minmay_heptomino_w4
D:3:      layout_rooms, nicolae_dithmenos_the_darkroom, grunt_decor_resistance,
          uniq_terence, uniq_jessica
D:4:      layout_gridville, kiku_gazebo_garden_becter
D:5:      layout_cave_pools, pf_just_have_faith,
          mainiacjoe_ossuary_entry_find_the_door, serial_shops, shop,
          nicolae_lakefront_shop
D:6:      layout_gridville, mainiacjoe_overflow_paths, gammafunk_ghost_hive,
          amcnicky_mini_pool_medium, uniq_edmund, uniq_sigmund
D:7:      layout_loops_ring, mainiacjoe_overflow_alcove_1, elyvilon_altar_5,
          temple_statues, minmay_misc_feat_iff

Skill      XL: |  1  2  3  4  5  6  7  8  9 |
---------------+----------------------------+-----
Fire Magic     | 4 5 6 7 |  7.7
Maces & Flails | 4 5 6 7 9 10 | 10.1
Fighting       | 4 5 6 |  6.9
Spellcasting   | 2 3 4 |  4.7

Action                     |  1- 3 |  4- 6 |  7- 9 || total
---------------------------+-------+-------+-------++-------
  Melee: Mace              |    52 |    59 |   157 ||   268
         War axe           |       |       |   105 ||   105
   Cast: Scorch            |     7 |    51 |    90 ||   148
  Evoke: Wand              |       |       |    19 ||    19
    Use: Scroll            |     4 |     2 |     2 ||     8
         Potion            |       |       |     3 ||     3
 Armour: Robe              |    37 |   101 |   389 ||   527
  Dodge: Dodged            |    44 |   100 |   298 ||   442
         Repelled          |       |     6 |       ||     6

Table legend: (Time is in decaauts)
 A = Elapsed time spent in this place.
 B = Non-inter-level travel time spent in this place.
 C = Inter-level travel time spent in this place.
 D = Time resting spent in this place.
 E = Time spent auto-exploring this place.
 F = Levels seen in this place.
 G = Mean time per level.
                   A        B        C        D        E       F      G
               +--------+--------+--------+--------+--------+-----+--------+
         Total |   7720 |   7563 |    157 |   2338 |   3451 |   8 |  965.0 |
       Dungeon |   6433 |   6276 |    157 |   1637 |   3356 |   7 |  919.0 |
       Ossuary |   1286 |   1286 |      0 |    701 |     95 |   1 | 1286.0 |
               +--------+--------+--------+--------+--------+-----+--------+

Top non-repeatable levels by time:
     D:4: 1478 daAuts
     D:5: 1451 daAuts
 Ossuary: 1286 daAuts
     D:2: 1052 daAuts
     D:6: 931 daAuts
     D:1: 780 daAuts
     D:3: 719 daAuts
     D:7: 20 daAuts
